 Dungeon Crawl Stone Soup version 0.16-a0-3171-gce70061 (webtiles) character file.

56561 Chiseanne the Peltast (level 14, -1/124 HPs)
             Began as a Deep Dwarf Wanderer on Dec 16, 2014.
             Was the Champion of Qazlal.
             Slain by an ettin
             ... wielding a +0 dire flail
              (16 damage)
             ... on level 13 of the Dungeon.
             The game lasted 01:27:24 (15174 turns).

Chiseanne the Peltast (Deep Dwarf Wanderer)        Turns: 15174, Time: 01:27:24

Health: -1/124     AC: 15    Str: 17    XL:     14   Next: 42%
Magic:  4/4        EV: 23    Int: 15    God:    Qazlal [******]
Gold:   143        SH: 24    Dex: 16    Spells: 0 memorised, 16 levels left

rFire  + . .     SeeInvis .     a - +0 broad axe (chop)
rCold  + . .     Clarity  .     J - +0 leather armour of the Seven Souls {Slay+3 Stlth+}
rNeg   + . .     SustAb   .     u - +2 shield
rPois  .         Gourm    .     b - +0 helmet
rElec  .         Spirit   .     L - +1 cloak
rCorr  .         Warding  .     C - +1 pair of gloves
rMut   .         Stasis   .     H - +0 pair of boots of Honesty {+Rage Slay+3}
MR     ++...                    U - amulet of rage
Stlth  ++........               v - ring of protection from fire
                                j - +5 ring of protection

@: protected from cold, non-regenerating, repel missiles, very resistant to
hostile enchantments, unstealthy
A: damage resistance, recharge devices, clever 1, negative energy resistance 1,
sense surroundings 2, slow healing 3, spit poison 1
a: Device Recharging, Spit Poison, Upheaval, Elemental Force, Disaster Area,
Renounce Religion, Evoke Berserk Rage


You were on level 13 of the Dungeon.
You worshipped Qazlal.
Qazlal was exalted by your worship.
You were not hungry.

You visited 2 branches of the dungeon, and saw 16 of its levels.
You also visited: Bailey.

You collected 947 gold pieces.
You spent 804 gold pieces at shops.

Inventory:

Hand weapons
 a - a +0 broad axe of chopping (weapon)
 d - a +2 short sword of protection
 f - the +7 short sword of Sheunk {pierce, rF+}
   (You found it on level 12 of the Dungeon)

   It inflicts extra damage upon your enemies.
   It protects you from fire.
 s - a +3 long sword of holy wrath
 w - a +0 blowgun
Missiles
 c - 22 steel bolts
 i - 21 tomahawks (quivered)
 k - 6 javelins of penetration
 l - 2 throwing nets
 m - 8 curare-tipped needles
 o - 114 poisoned needles
 x - 24 bolts
 V - 64 tomahawks of returning
Armour
 b - a +0 helmet (worn)
 u - a +2 shield (worn)
 C - a +1 pair of gloves (worn)
 H - the +0 pair of boots of Honesty (worn) {+Rage Slay+3}
   (You bought it in a shop on level 12 of the Dungeon)

   It affects your accuracy and damage with ranged weapons and melee attacks
   (+3).
   It lets you go berserk.
 J - the +0 leather armour of the Seven Souls (worn) {Slay+3 Stlth+}
   (You found it on level 7 of the Dungeon)

   It affects your accuracy and damage with ranged weapons and melee attacks
   (+3).
   It makes you more stealthy.
 L - a +1 cloak (worn)
Jewellery
 j - a +5 ring of protection (left hand)
 v - a ring of protection from fire (right hand)
 O - an uncursed ring of ice
 U - an amulet of rage (around neck)
Magical devices
 F - a wand of heal wounds (0)
 I - a wand of fire (0)
 M - a wand of heal wounds (0)
 N - a wand of cold (5)
Scrolls
 h - 4 scrolls of remove curse
 p - a scroll of summoning
 y - 8 scrolls of identify
 E - 5 scrolls of teleportation
Potions
 e - 2 potions of restore abilities
 n - a potion of brilliance
 q - a potion of agility
 t - a potion of magic
 z - a potion of cancellation
 D - 3 potions of haste
 G - 4 potions of flight
 K - 2 potions of lignification
 P - a potion of resistance
 Q - a potion of berserk rage
 S - 3 potions of might
Books
 T - a book of Flames

   Spells                             Type                      Level
   a - Flame Tongue                   Conjuration/Fire             1
   b - Throw Flame                    Conjuration/Fire             2
   c - Conjure Flame                  Conjuration/Fire             3
   d - Inner Flame                    Hexes/Fire                   3
   e - Sticky Flame                   Conjuration/Fire             4
   f - Fireball                       Conjuration/Fire             5
Comestibles
 g - 14 bread rations
 r - 10 fruits
 A - 6 meat rations
 B - 3 chunks of flesh
 R - 7 slices of pizza


   Skills:
 - Level 7.8 Fighting
   Level 3.1 Polearms
 - Level 5.3 Armour
 * Level 16.1 Dodging
 - Level 10.0 Stealth
 * Level 16.3 Shields
 - Level 1.7 Spellcasting
   Level 2.1 Translocations
 - Level 5.1 Invocations


You had 16 spell levels left.
You didn't know any spells.

Dungeon Overview and Level Annotations

Branches:
Dungeon (13/15)            Temple (0/1) D:5            Lair (3/8) D:11
 Shoals (0/5) Lair:3          Orc (0/4) D:12         Vaults (0/5) D:13
  Snake: Lair:3-6    Spider: Lair:3-6

Altars:
Ashenzari
Fedhas
Gozag
Qazlal
Vehumet
The Shining One

Shops:
D:7 *:   D:9 !?*=   D:12 [[(%

Portals:
Trove: D:11 (give +5 demon whip)

Annotations:
Lair:3 exclusion: 4 oklob plants


Innate Abilities, Weirdness & Mutations

You are resistant to damage.
You can recharge devices by infusing magical energy.
You resist negative energy.
You passively map the area around you.
You do not heal naturally.
Your mind is acute. (Int +2)
You can spit poison.


Message History

Your protection from cold is fading.
The frost giant points at you and mumbles some strange words.
The bolt of cold hits you! You resist.
* * * LOW HITPOINT WARNING * * *
You block the ettin's attack. The ettin closely misses you.
The frost giant gestures at you while chanting.
The bolt of cold hits you! You resist.
* * * LOW HITPOINT WARNING * * *
You block the ettin's attack. The ettin hits you with a dire flail.
* * * LOW HITPOINT WARNING * * *
You slash the ettin!
The ettin is moderately wounded.
You slash the frost giant!
The frost giant is heavily wounded.
You feel less vulnerable to hostile enchantments.
The frost giant gestures at you while chanting.
The bolt of cold is repelled.
The ettin is engulfed in roaring flames.
The ettin hits you with a dire flail!!
You die...

......##.##.##..÷.##.##.##
...§..#.##.##.####†##.##.#
#..§..#.#.##.##..##.##.#.#
##..#.#.#.#.##.|[.##.#.#.#
.####.#.#.#.#...[..#.#.#.#
....#.#.#.#.#......#.#†#.#
....#.#.#.#.##...§##.#.#.#
....#.#.#.##.##CC##.##.#.#
....#(#.##.##.##@#.##.##.#
....#(##.##.##..##†#.##.##
##..##.##.##.####.##.#.##
#..##)##)###....##.##)#
#.##.##.#########.##.##
#.#.##.##...†....##.##
#.#.#.##....##.###.##
#.#.#.#....§.#)#..##
#.#.#.#......#.#.##


You could see a frost giant and an ettin.

Vanquished Creatures
  Rupert (D:13)
  A fire giant (D:13)
  A rakshasa (D:13)
  Fannar (D:10)
  6 hydras
  Harold (D:12)
  2 centaur warriors (D:13)
  Erica (D:13)
  Urug (D:12)
  3 skeletal warriors (D:13)
  2 unseen horrors (D:13)
  Erolcha (D:11)
  3 hill giants
  Pikel (D:8)
  An orc knight (D:13)
  An ugly thing zombie (D:12)
  3 cyclopes
  2 manticores (D:13)
  4 ugly things
  A griffon (D:13)
  A phantasmal warrior (D:13)
  Maurice (D:13)
  3 spiny frogs
  A gargoyle (D:13)
  Psyche (D:10)
  A black mamba (Lair:1)
  2 centaur skeletons
  2 kobold demonologists (D:10)
  A komodo dragon (Lair:1)
  A tengu conjurer (D:12)
  2 trolls (D:13)
  A two-headed ogre (D:13)
  Prince Ribbit (Lair:1)
  3 ravens
  A basilisk (Lair:3)
  18 blink frogs
  A vampire (D:13)
  A centaur simulacrum (D:13)
  A slime creature (D:13)
  A snapping turtle (Lair:3)
  16 humans (D:13)
  2 deep elf magi
  2 hungry ghosts
  2 vampire mosquitoes (D:13)
  9 hippogriffs
  Eustachio (D:7)
  26 yaks
  A wyvern (D:13)
  Grum (D:10)
  3 steam dragons
  2 wargs (D:11)
  A steam dragon (shapeshifter) (D:13)
  13 wolves
  4 water moccasins
  2 mottled dragons
  6 porcupines
  A trapdoor spider simulacrum (D:13)
  5 ice beasts
  5 orc warriors
  2 eyes of draining
  4 ogres
  4 phantoms
  3 centaurs
  Sigmund (D:2)
  A brain worm (D:13)
  4 crocodiles
  Blork the orc (D:6)
  17 giant frogs
  2 gnoll sergeants
  9 big kobolds
  2 scorpions
  2 wyvern skeletons
  A troll zombie (D:12)
  10 killer bees
  5 wights (D:9)
  5 goliath beetles
  8 hounds
  A centaur zombie (D:8)
  3 crimson imps
  A giant frog zombie (D:13)
  6 orc priests
  2 quasits
  3 giant frog skeletons
  A jelly (D:6)
  12 worker ants
  10 iguanas
  5 sheep
  10 orc wizards
  7 ogre zombies (D:12)
  Ijyb (D:3)
  2 mummies
  Robin (D:2)
  41 river rats
  A worker ant zombie (D:5)
  30 gnolls
  21 adders
  2 shadow imps
  A white imp (D:10)
  2 giant mites
  An ufetubus (D:10)
  4 worms
  An adder zombie (D:9)
  An adder skeleton (D:5)
  8 giant geckos
  An ooze (D:1)
  37 orcs
  A ball python (D:3)
  19 bats
  8 giant cockroaches
  26 goblins
  21 hobgoblins
  20 jackals
  6 giant newts
  A goblin skeleton (D:12)
  3 goblin zombies (D:12)
  4 hobgoblin skeletons (D:12)
  5 hobgoblin zombies (D:12)
  43 kobolds
  3 orc skeletons (D:12)
  9 orc zombies (D:12)
  9 quokkas
  15 rats
  14 fungi
  6 plants
693 creatures vanquished.

Vanquished Creatures (others)
  A tengu conjurer (D:12)
  A deep elf fighter (D:12)
  A centaur (D:8)
  An orc wizard (D:13)
  An adder (D:11)
  A bat (D:4)
  A rat (D:8)
  A fungus (Lair:1)
8 creatures vanquished.

Grand Total: 701 creatures vanquished

Notes
Turn   | Place    | Note
--------------------------------------------------------------
     0 | D:1      | Chiseanne, the Deep Dwarf Wanderer, began the quest for the Orb.
     0 | D:1      | Chiseanne set off with: a +2 dagger, a potion of berserk rage, Sif Muna's Papyrus of the Volcanoes, a +0 spear, a +0 robe, a wand of heal wounds (5), a bread ration
     0 | D:1      | Reached XP level 1. HP: 15/15 MP: 2/2
    44 | D:1      | Reached skill level 3 in Polearms
    44 | D:1      | Reached XP level 2. HP: 19/22 MP: 3/3
   733 | D:1      | Reached XP level 3. HP: 22/30 MP: 4/4
   753 | D:2      | Noticed Sigmund
   765 | D:2      | Killed Sigmund
   765 | D:2      | Reached skill level 1 in Fighting
   765 | D:2      | Reached skill level 4 in Dodging
   765 | D:2      | Reached XP level 4. HP: 34/38 MP: 5/5
   946 | D:2      | Reached XP level 5. HP: 44/44 MP: 7/7
   980 | D:2      | Identified Sif Muna's Papyrus of the Volcanoes
  1207 | D:2      | Noticed Robin
  1283 | D:2      | Killed Robin
  1283 | D:2      | Reached skill level 5 in Dodging
  2065 | D:3      | Reached XP level 6. HP: 46/52 MP: 8/8
  2141 | D:3      | Noticed Ijyb
  2161 | D:3      | Killed Ijyb
  2326 | D:3      | Reached skill level 1 in Shields
  2547 | D:4      | Reached skill level 6 in Dodging
  2589 | D:4      | Reached XP level 7. HP: 51/60 MP: 10/10
  2937 | D:4      | Found a glowing golden altar of the Shining One.
  2993 | D:4      | Reached skill level 7 in Dodging
  3033 | D:4      | Found a stormy altar of Qazlal.
  3063 | D:4      | Became a worshipper of Qazlal Stormbringer
  3350 | D:5      | Entered Level 5 of the Dungeon
  3419 | D:5      | Reached XP level 8. HP: 37/68 MP: 12/12
  3737 | D:5      | Found a staircase to the Ecumenical Temple.
  3985 | D:6      | Reached skill level 8 in Dodging
  4164 | D:6      | Gained mutation: Your mind is acute. (Int +2) [potion of beneficial mutation]
  4252 | D:6      | Reached skill level 1 in Armour
  4315 | D:6      | Found a shattered altar of Ashenzari.
  4315 | D:6      | Found a radiant altar of Vehumet.
  4517 | D:6      | Acquired Qazlal's first power
  4541 | D:6      | Reached skill level 5 in Shields
  4624 | D:6      | Noticed Blork the orc
  4651 | D:6      | Killed Blork the orc
  4808 | D:7      | Found a blossoming altar of Fedhas.
  4831 | D:7      | Found an opulent altar of Gozag.
  4898 | D:7      | Noticed Eustachio
  4921 | D:7      | Killed Eustachio
  5112 | D:7      | Gained mutation: You passively map the area around you. [level up]
  5112 | D:7      | Reached XP level 9. HP: 41/78 MP: 12/12
  5217 | D:7      | Found Thruludgh's General Store.
  5223 | D:7      | Bought a scroll of identify for 20 gold pieces
  5507 | D:7      | Found Womani's Book Boutique.
  5519 | D:7      | Got a jacinth-studded leather armour
  5530 | D:7      | Identified the cursed +0 leather armour of the Seven Souls {Slay+3 Stlth+} (You found it on level 7 of the Dungeon)
  5847 | D:8      | Acquired Qazlal's second power
  5871 | D:8      | Noticed Pikel
  5895 | D:8      | Killed Pikel
  6086 | D:8      | Reached skill level 9 in Dodging
  6164 | D:8      | Reached skill level 5 in Stealth
  6530 | D:8      | Reached XP level 10. HP: 43/87 MP: 10/10
  6557 | D:8      | Noticed a two-headed hydra
  6578 | D:8      | Killed a two-headed hydra
  6578 | D:8      | Reached skill level 5 in Fighting
  6578 | D:8      | Reached skill level 10 in Dodging
  6790 | D:9      | Found Uthia's Jewellery Shoppe.
  6793 | D:9      | Bought a cursed -3 ring of strength for 32 gold pieces
  6796 | D:9      | Found Qutumet's General Store.
  6816 | D:9      | Bought a scroll of magic mapping for 52 gold pieces
  6816 | D:9      | Bought a potion of heal wounds for 75 gold pieces
  6905 | D:9      | Found a flagged portal.
  6921 | Bailey   | Entered a bailey
  6991 | Bailey   | Acquired Qazlal's third power
  7106 | Bailey   | Reached skill level 11 in Dodging
  7106 | Bailey   | Reached XP level 11. HP: 66/96 MP: 10/10
  7491 | D:9      | Found Kaveuk's Distillery.
  7519 | D:9      | Found Jyory's Magic Scroll Shoppe.
  7529 | D:9      | Bought 2 potions of heal wounds for 120 gold pieces
  7529 | D:9      | Bought a potion of brilliance for 48 gold pieces
  7529 | D:9      | Bought a potion of heal wounds for 60 gold pieces
  7529 | D:9      | Bought a potion of curing for 36 gold pieces
  7529 | D:9      | Bought a potion of mutation for 30 gold pieces
  7558 | D:9      | Acquired Qazlal's fourth power
  7977 | D:10     | Entered Level 10 of the Dungeon
  7986 | D:10     | Noticed Psyche
  7989 | D:10     | Killed Psyche
  8000 | D:10     | Noticed Grum
  8004 | D:10     | Reached skill level 12 in Dodging
  8011 | D:10     | Killed Grum
  8118 | D:10     | Noticed Fannar
  8129 | D:10     | Killed Fannar
  8674 | D:11     | Noticed Erolcha
  8695 | D:11     | Killed Erolcha
  8784 | D:11     | Found a portal to a secret trove of treasure.
  8887 | D:11     | Found a staircase to the Lair.
  8964 | D:11     | Reached XP level 12. HP: 66/104 MP: 11/11
  8999 | D:11     | Reached skill level 10 in Stealth
  9021 | D:11     | Found a stormy altar of Qazlal.
  9109 | D:11     | Reached skill level 13 in Dodging
  9393 | D:11     | Acquired Qazlal's fifth power
  9581 | D:12     | Found Eloniekh's Armour Shoppe.
  9644 | Lair:1   | Entered Level 1 of the Lair of Beasts
  9663 | Lair:1   | Noticed a four-headed hydra
  9694 | Lair:1   | Killed a four-headed hydra
  9966 | Lair:1   | Noticed Prince Ribbit
  9970 | Lair:1   | Killed Prince Ribbit
 10012 | Lair:1   | Noticed a seven-headed hydra
 10055 | Lair:1   | Killed a seven-headed hydra
 10055 | Lair:1   | Reached skill level 14 in Dodging
 11339 | Lair:2   | Got a transparent golden ring
 11548 | Lair:3   | Reached skill level 5 in Armour
 11549 | Lair:3   | Reached XP level 13. HP: 63/114 MP: 10/10
 11638 | Lair:3   | Noticed an eight-headed hydra
 11691 | Lair:3   | Killed an eight-headed hydra
 11830 | Lair:3   | Reached skill level 1 in Invocations
 12025 | Lair:3   | Found a staircase to the Shoals.
 12643 | Lair:1   | Identified the ring "Mischisch" {rF+ Dex-3} (You found it on level 2 of the Lair of Beasts)
 12717 | D:12     | Found Xaelih's Antique Weapon Shoppe.
 12717 | D:12     | Found Prac's Armour Shop.
 12746 | D:12     | Noticed Harold
 12757 | D:12     | Noticed Urug
 12769 | D:12     | Killed Harold
 12773 | D:12     | Killed Urug
 12849 | D:12     | Reached skill level 15 in Dodging
 13050 | D:12     | Found Mnais' Food Boutique.
 13090 | D:12     | Bought the +0 pair of boots of Honesty {+Rage Slay+3} for 331 gold pieces
 13204 | D:12     | Gained mutation: You can spit poison. [potion of beneficial mutation]
 13239 | D:12     | Found a staircase to the Orcish Mines.
 13349 | D:12     | Got a transparent short sword
 13350 | D:12     | Identified the +7 short sword of Sheunk {pierce, rF+} (You found it on level 12 of the Dungeon)
 13483 | D:13     | Found a gate to the Vaults.
 13483 | D:13     | Noticed Rupert
 13495 | D:13     | Noticed Maurice
 13510 | D:13     | Paralysed by Rupert for 3 turns
 13510 | D:13     | Reached skill level 15 in Shields
 13606 | D:13     | Paralysed by Rupert for 4 turns
 13624 | D:13     | Killed Rupert
 13673 | D:13     | Killed Maurice
 13783 | D:13     | Noticed Erica
 13790 | D:13     | Killed Erica
 13873 | D:13     | Gained mutation: You resist negative energy. [level up]
 13873 | D:13     | Reached XP level 14. HP: 93/123 MP: 4/4
 14562 | D:13     | Reached skill level 16 in Shields
 15073 | D:13     | Reached skill level 5 in Invocations
 15162 | D:13     | Noticed a fire giant
 15162 | D:13     | Noticed a frost giant
 15169 | D:13     | Killed a fire giant
 15174 | D:13     | Slain by an ettin

Action                   |  1- 3 |  4- 6 |  7- 9 | 10-12 | 13-15 || total
-------------------------+-------+-------+-------+-------+-------++-------
Melee: Dagger            |    83 |   393 |   471 |    18 |    29 ||   994
       Long sword        |       |       |   304 |   696 |   340 ||  1340
       Broad axe         |       |       |       |       |   236 ||   236
       Short sword       |       |       |       |       |    14 ||    14
 Fire: Blowgun           |       |     3 |       |       |       ||     3
Throw: Tomahawk          |       |       |       |       |     3 ||     3
Invok: Upheaval          |       |       |       |       |     3 ||     3
 Abil: Device Recharging |       |       |     4 |     4 |    10 ||    18
       Spit Poison       |       |       |       |       |     1 ||     1
Evoke: Wand              |     1 |    13 |    18 |    37 |    50 ||   119
  Use: Scroll            |     5 |     6 |    10 |    12 |    10 ||    43
       Potion            |     1 |     4 |     5 |     7 |     2 ||    19
 Stab: Sleeping          |     2 |     5 |     3 |       |       ||    10
  Eat: Chunk             |       |     7 |    17 |    14 |     4 ||    42
       Beef jerky        |       |       |       |     2 |     1 ||     3
       Fruit             |       |       |       |       |    11 ||    11
